AoeStats
← Ruzkiller

Hideout

509257319Analyzed
1v1 RM · 6d ago on Sep 26, 2026· 45m 1s· 2 players
Game mode
Random Map
Map size
Tiny (2 player)
Population
200
Speed
Normal
Resources
Standard
Victory
Conquest
Starting age
Dark Age
Ending age
Imperial Age
RankedLock teamsTeams togetherTeam positionsShared explorationLock speedFull tech treeHidden civsTurbo modeCheats
Victory
Defeat
🇲🇾 Dravidians · Malaysia
693
+17
🇨🇴 Vikings · Colombia
704
-17
Poison丶Biting
11:33 Feudal Age
11:30 Loom
12:03 Horse Collar
12:13 Double-Bit Axe
17:42 Castle Age
16:50 Fletching
18:49 Bow Saw
18:47 Heavy Plow
21:15 Wheelbarrow
20:40 Town Watch
21:51 Bodkin Arrow
22:54 Bodkin Arrow
29:04 Padded Archer Armor
32:29 Leather Archer Armor
35:37 Gold Mining
36:15 Fortified Wall
36:25 Ballistics
40:08 Imperial Age
37:41 Husbandry
38:05 Stone Mining
40:28 Thumb Ring
41:19 Ring Archer Armor
41:44 Elite Elephant Archer
44:40 Bracer
45:50 Chemistry
Ruzkiller
5:31 Loom
9:26 Feudal Age
18:32 Castle Age
17:03 Gold Mining
17:55 Forging
17:46 Horse Collar
17:54 Double-Bit Axe
22:23 Scale Mail Armor
31:53 Chain Mail Armor
35:35 Imperial Age
39:59 Plate Mail Armor
39:29 Fletching
40:17 Stone Mining
Connection lost

Rejoining the realm…

Still unreachable

The connection could not be restored.

Session expired

The server has moved on; the page needs a fresh start.